 Dungeon Crawl Stone Soup version 0.28.0 (webtiles) character file.

Game seed: 5284323610668377590

395 styxcanada the Covert (level 6, -5/31 HPs)
             Began as a Spriggan Brigand on Feb 15, 2022.
             Slain by a gnoll (6 damage)
             ... on level 4 of the Dungeon.
             The game lasted 00:21:20 (4130 turns).

styxcanada the Covert (Spriggan Brigand)            Turns: 4130, Time: 00:21:20

Health: -5/31      AC:  3    Str:  7    XL:     6   Next: 52%
Magic:  9/9        EV: 18    Int: 12    God:
Gold:   167        SH: 10    Dex: 25    Spells: 5/8 levels left

rFire   . . .      SeeInvis +   a - +2 dagger
rCold   . . .      Faith    +   d - +3 warlock's mirror {reflect}
rNeg    . . .      Spirit   .   b - +0 robe
rPois   .          Reflect  +   (helmet restricted)
rElec   .          Harm     .   c - +0 cloak
rCorr   .          Rampage  .   (gloves unavailable)
Will    +....                   (boots unavailable)
Stlth   ++++......              q - amulet of faith
HPRegen 0.10/turn               h - +6 ring of dexterity
MPRegen 0.11/turn               (no ring)

@: very quick
A: very small, no large weapons, unfitting armour, see invisible, speed 3
a: no special abilities


You were on level 4 of the Dungeon.
You visited 1 branch of the dungeon, and saw 4 of its levels.

You collected 167 gold pieces.

Inventory:

Hand Weapons
 a - a +2 dagger (weapon)
 o - a +0 dagger of holy wrath
Missiles
 f - 139 stones (quivered)
Armour
 b - a +0 robe (worn)
 c - a +0 cloak (worn)
 d - the +3 warlock's mirror (worn) {reflect}
   (You acquired it on level 4 of the Dungeon)

   It can block and reflect piercing ranged attacks and magical attacks against
   the wielder's willpower.
Jewellery
 h - a +6 ring of dexterity (left hand)
 q - an amulet of faith (around neck)
Wands
 p - a wand of flame (16)
Scrolls
 g - a scroll of immolation {unknown}
 j - a scroll of teleportation {unknown}
 k - a scroll of blinking {unknown}
 r - a scroll of noise {unknown}
Potions
 e - a potion of attraction {unknown}
 i - a potion of curing
 l - 2 potions of brilliance


   Skills:
 * Level 2.3 Fighting
 + Level 2.9 Short Blades
 + Level 3.1 Throwing
 * Level 3.1 Dodging
 * Level 8.3 Stealth
 * Level 0.3 Shields
 * Level 1.9 Spellcasting
 * Level 0.9 Conjurations
 * Level 1.1 Fire Magic
 * Level 1.0 Evocations


You had 5 spell levels left.
You knew the following spells:

 Your Spells              Type           Power      Damage    Failure   Level
a - Conjure Flame         Conj/Fire      3%         6-21      75%         3

Your spell library contained the following spells:

 Spells                   Type           Power      Damage    Failure   Level
 Ignite Poison            Fire/Tmut/Pois 2%         N/A       83%         3
 Sticky Flame             Conj/Fire      3%         2d3       98%         4


Dungeon Overview and Level Annotations

Branches:
Dungeon (4/15)             Temple (0/1) D:4

Altars:
Wu Jian
The Shining One

Shops:
D:3 :


Innate Abilities, Weirdness & Mutations

You are very small and have problems with some larger weapons.
You are too small for most types of armour.
You have supernaturally acute eyesight. (SInv)
You cover ground extremely quickly. (Speed+++)


Message History

The poisoned dart hits the gnoll shaman.
The gnoll shaman is poisoned.
You hit the gnoll shaman.
The gnoll shaman is lightly wounded.
The gnoll shaman hits you with a +0 club.
You hit the gnoll shaman.
The gnoll shaman is moderately wounded.
The gnoll shaman mumbles some strange prayers to its god against you.
Your +3 warlock's mirror {reflect} reflects the Corona!
The gnoll shaman is outlined in light.
You hit the gnoll shaman.
The gnoll shaman is severely wounded.
The gnoll shaman completely misses you.
You hit the gnoll shaman.
The gnoll shaman is severely wounded.
The gnoll shaman calls upon its god to speed up the gnoll.
The gnoll seems to speed up.
You hit the gnoll shaman.
You kill the gnoll shaman!
The gnoll misses you.
Your Evocations skill increases to level 1!
You hit the gnoll but do no damage. The gnoll hits you with a +0 whip!
You hit the gnoll.
The gnoll is lightly wounded.
The gnoll hits you but does no damage.
You hit the gnoll.
The gnoll is moderately wounded.
The gnoll barely misses you.
The gnoll hits you from afar with a +0 spear.
The gnoll hits you with a +0 whip.
You hit the gnoll but do no damage.
The gnoll is moderately wounded.
The gnoll hits you with a +0 whip.
* * * LOW HITPOINT WARNING * * *
The gnoll hits you from afar with a +0 spear.
* * * LOW HITPOINT WARNING * * *
You hit the gnoll but do no damage.
The gnoll is moderately wounded.
You block the gnoll's attack. x2; The gnoll hits you with a +0 whip.
You die...

######### #.......#
##########.#####.#### ###
#.............##)#.. ..#
#.###.#.##.##.##.#.#####.##
##.#.##.##.##(#<.......# #
#..#.##....@gg.....##..# #.
#.##.##########((#.##..#
#.##>##.# #..#..#..#
###.......########
#......!.#
#......#####.....#
##.##.##.# #.####.# #.....#
#.......#
#.####.#####.....#
####g####
#.##.............# #.#
#.##.#..####.....# #(#


You could see 2 gnolls.

Vanquished Creatures
  A necrophage (D:4)
  An orc priest (D:3)
  A gnoll shaman (D:4)
  Jessica (D:3)
  An iguana (D:4)
  Robin (D:2)
  5 adders
  5 gnolls
  3 worms
  3 dart slugs
  2 orcs (D:3)
  5 bats
  5 endoplasms
  5 giant cockroaches (D:1)
  15 goblins
  7 hobgoblins
  9 jackals
  4 quokkas
  3 ball pythons
  3 frilled lizards
  3 kobolds
  2 rats
85 creatures vanquished.

Notes
Turn   | Place    | Note
-------+----------+-------------------------------------------
     0 | D:1      | styxcanada the Spriggan Brigand began the quest for the
                  | Orb.
     0 | D:1      | Reached XP level 1. HP: 10/10 MP: 2/2
    73 | D:1      | Reached skill level 6 in Stealth
   269 | D:1      | Reached XP level 2. HP: 14/14 MP: 3/3
   272 | D:1      | Found a faded altar of an unknown god.
   923 | D:1      | Reached skill level 7 in Stealth
   948 | D:1      | Reached XP level 3. HP: 18/18 MP: 4/4
  1188 | D:2      | Noticed Robin
  1271 | D:2      | Killed Robin
  1402 | D:2      | Reached XP level 4. HP: 21/23 MP: 5/5
  1511 | D:2      | Learned a level 3 spell: Conjure Flame
  2026 | D:3      | Found Ijuarane's Book Boutique.
  2073 | D:3      | Reached skill level 1 in Spellcasting
  2107 | D:3      | Reached skill level 8 in Stealth
  2166 | D:3      | Reached XP level 5. HP: 8/26 MP: 7/7
  2673 | D:3      | Noticed Jessica
  2687 | D:3      | Killed Jessica
  2745 | D:3      | Found a glowing golden altar of the Shining One.
  3244 | D:3      | Found an ornate altar of the Wu Jian Council.
  3412 | D:4      | Found a staircase to the Ecumenical Temple.
  3721 | D:4      | Identified a scroll of acquirement
  3721 | D:4      | Acquired the +3 warlock's mirror {reflect}
  3721 | D:4      | Found the +3 warlock's mirror {reflect}
  3749 | D:4      | Noticed a necrophage
  3760 | D:4      | Killed a necrophage
  3761 | D:4      | Reached skill level 1 in Fire Magic
  3761 | D:4      | Reached XP level 6. HP: 30/30 MP: 9/9
  4126 | D:4      | Reached skill level 1 in Evocations
  4129 | D:4      | HP: 1/31 [gnoll (6)]
  4130 | D:4      | Slain by a gnoll

Illustrated notes

Levels and vault maps discovered:
D:1:      dpeg_arrival_arbitrary_a, layout_rooms,
          nicolae_ecumenical_snake_handling, minmay_worlds_worst_comb
D:2:      layout_rooms, grunt_ministairs_2, uniq_robin
D:3:      wad_pebble_path, layout_rooms, mainiacjoe_overflow_paths,
          nicolae_overflow_crystal_walls, serial_shops,
          nicolae_shop_window_shopping, uniq_jessica
D:4:      layout_loops_cross, minmay_temple_entry_glass, serial_shops,
          shop_statue

Skill      XL: |  1  2  3  4  5  6 |
---------------+-------------------+-----
Stealth        | 6 7 8 |  8.3
Dodging        | 2 3 |  3.1
Fighting       | 2 |  2.3
Spellcasting   | 1 |  1.9
Throwing       | 3 |  3.1
Fire Magic     | 1 |  1.1
Evocations     | 1 |  1.0
Short Blades   | |  2.9
Shields        | |  0.3
Conjurations   | |  0.9

Action                   |  1- 3 |  4- 6 || total
-------------------------+-------+-------++-------
Melee: Dagger            |    82 |   127 ||   209
       Punch             |     2 |     1 ||     3
Throw: Dart              |    24 |    71 ||    95
       Stone             |     2 |     3 ||     5
Evoke: Wand              |       |     6 ||     6
  Use: Scroll            |       |     4 ||     4
 Stab: Sleeping          |    11 |     6 ||    17
       Distracted        |       |     1 ||     1
Armor: Robe              |     8 |    10 ||    18
Dodge: Dodged            |    66 |    80 ||   146
Block: Buckler           |       |    16 ||    16
       Reflection        |       |     1 ||     1
